 Dungeon Crawl Stone Soup version 0.29.0-13-gc9e81de378 (webtiles) character file.

Game seed: 15513088139982080326

1002 cdecastro the Cleaver (level 8, -13/62 HPs)
             Began as a Palentonga Berserker on Sept 9, 2022.
             Was a Believer of Trog.
             Mangled by an orc warrior
             ... wielding a +0 long sword
              (16 damage)
             ... on level 5 of the Dungeon.
             The game lasted 00:08:49 (4683 turns).

cdecastro the Cleaver (Palentonga Berserker)        Turns: 4683, Time: 00:08:49

Health: -13/62     AC: 13    Str: 24    XL:     8   Next: 0%
Magic:  8/8        EV:  8    Int:  7    God:    Trog [**....]
Gold:   340        SH:  0    Dex: 11    Spells: 7/7 levels left

rFire   . . .      SeeInvis +   a - +0 hand axe
rCold   . . .      Faith    +   (no shield)
rNeg    . . .      Spirit   .   l - +0 scale mail
rPois   .          Reflect  .   (no helmet)
rElec   .          Harm     .   (no cloak)
rCorr   .          Rampage  .   (no gloves)
Will    .....                   (no barding)
Stlth   ..........              q - amulet of faith
HPRegen 0.20/turn               (no ring)
MPRegen 0.11/turn               (no ring)

@: curled up
A: large, rugged brown scales 3, see invisible, deformed body, roll 1, armoured
tail, reflexive curl
a: Rolling Charge, Renounce Religion, Berserk, Trog's Hand


You were on level 5 of the Dungeon.
You worshipped Trog.
Trog was pleased with you.
You visited 1 branch of the dungeon, and saw 5 of its levels.

You collected 340 gold pieces.

Inventory:

Hand Weapons
 a - a +0 hand axe (weapon)
 B - a +0 short sword of venom
Missiles
 c - 40 stones
 t - 5 poisoned darts
 w - 4 large rocks
Armour
 b - a +0 animal skin
 j - a +0 ring mail
 l - a +0 scale mail (worn)
 u - a +0 chain mail
Jewellery
 d - an amulet of guardian spirit
 q - an amulet of faith (around neck)
Wands
 r - a wand of charming (9)
Scrolls
 e - a scroll of blinking {unknown}
 g - 8 scrolls of identify {unknown}
 i - 2 scrolls of magic mapping {unknown}
 m - 3 scrolls of immolation {unknown}
 n - a scroll of butterflies {unknown}
 o - a scroll of summoning {unknown}
 s - a scroll of enchant armour {unknown}
 x - a scroll of vulnerability {unknown}
 y - a scroll of torment {unknown}
Potions
 f - a potion of ambrosia {unknown}
 h - 2 potions of curing {unknown}
 k - 2 potions of resistance
 p - a potion of cancellation {unknown}
 v - 2 potions of lignification {unknown}
 z - a potion of magic {unknown}
 A - a potion of mutation {unknown}


   Skills:
 - Level 3.0 Fighting
 + Level 9.8 Axes
 - Level 1.5 Armour
 - Level 1.5 Dodging


You had 7 spell levels left.
You didn't know any spells.
Your spell library was empty.

Dungeon Overview and Level Annotations

Branches:
Dungeon (5/15)
 Temple: D:4-7

Altars:
Gozag
Kikubaaqudgha
Nemelex Xobeh
Wu Jian

Shops:
D:4 [


Innate Abilities, Weirdness & Mutations

You are completely covered in rugged brown scales. (AC +3, +7% HP)
You have supernaturally acute eyesight. (SInv)
Armour fits poorly on your strangely shaped body.
You can roll at nearby foes to attack.
You have a long armoured tail.
You curl defensively after being hit. (AC +7*)


Message History

You feel sick. The scorpion stings you.
* * * LOW HITPOINT WARNING * * *
You closely miss the scorpion.
Your tail-slap misses the scorpion.
The scorpion is lightly wounded.
The scorpion stings you but does no damage.
You hit the scorpion but do no damage.
Your tail-slap misses the scorpion.
The scorpion is lightly wounded.
You feel sick.
The quokka twitches its whiskers.
You slash the scorpion!
The scorpion is heavily wounded.
You feel sick.
You are no longer poisoned.
The scorpion stings you but does no damage.
You hit the scorpion.
The scorpion is severely wounded.
The scorpion stings you.
* * * LOW HITPOINT WARNING * * *
You hit the scorpion. You tail-slap the scorpion.
You kill the scorpion!
Trog accepts your kill.
You have reached level 8!
You feel stronger.
The orc warrior attacks as you move away!
The orc warrior hits you with a +0 long sword!
* * * LOW HITPOINT WARNING * * *
You recover from your berserk rage.
You feel the effects of Trog's Hand fading.
The orc warrior attacks as you move away!
The orc warrior hits you with a +0 long sword!
* * * LOW HITPOINT WARNING * * *
The orc warrior attacks as you move away!
The orc warrior hits you but does no damage.
The orc warrior attacks as you move away!
The orc warrior hits you with a +0 long sword!
* * * LOW HITPOINT WARNING * * *
Your skin stops crawling.
You feel less strong-willed.
The orc warrior attacks as you move away!
The orc warrior hits you with a +0 long sword!
You die...

#... ..# #.. ...
...###.. #.#
#..##..
#.########.....
#..#..†....##..
###....##+##.....
##...#### ####..
#..###[.# #.(###
#@##.#..# #..# #
#o').#..# #..#
#.##.#..# #r.#
#.r###..# #r.###
##...##†# #'##..
###r...#####....#
####...........
#####.....##
#######


You could see an orc warrior and a quokka.

Vanquished Creatures
  A water moccasin (D:5)
  3 black bears
  2 ogres
  2 scorpions (D:5)
  2 hounds
  An orc priest (D:3)
  2 orc wizards (D:3)
  6 gnolls
  4 adders
  An ufetubus (D:5)
  2 worms
  A dart slug (D:1)
  5 orcs
  4 ball pythons
  6 endoplasms
  4 giant cockroaches
  6 goblins
  9 hobgoblins
  7 jackals
  2 quokkas
  6 bats
  5 frilled lizards
  5 kobolds
  9 rats
95 creatures vanquished.

Vanquished Creatures (others)
  An orc wizard (D:3)
1 creature vanquished.

Grand Total: 96 creatures vanquished

Notes
Turn   | Place    | Note
-------+----------+-------------------------------------------
     0 | D:1      | cdecastro the Palentonga Berserker began the quest for the
                  | Orb.
     0 | D:1      | Reached XP level 1. HP: 19/19 MP: 1/1
   407 | D:1      | Reached XP level 2. HP: 21/25 MP: 2/2
   502 | D:1      | Reached skill level 4 in Axes
   665 | D:1      | Reached XP level 3. HP: 11/31 MP: 3/3
   666 | D:1      | HP: 1/31 [frozen (4)]
  1137 | D:1      | Found a faded altar of an unknown god.
  1812 | D:2      | Reached ** piety under Trog
  1813 | D:2      | Reached XP level 4. HP: 37/37 MP: 4/4
  1961 | D:2      | Reached skill level 5 in Axes
  2213 | D:3      | Noticed a black bear
  2316 | D:3      | Killed a black bear
  2317 | D:3      | Reached skill level 6 in Axes
  2317 | D:3      | Reached XP level 5. HP: 43/43 MP: 5/5
  2833 | D:3      | Reached XP level 6. HP: 50/50 MP: 6/6
  2838 | D:3      | Reached skill level 7 in Axes
  3287 | D:4      | Found a sparkling altar of Nemelex Xobeh.
  3933 | D:4      | Found an opulent altar of Gozag.
  4028 | D:4      | Found an ornate altar of the Wu Jian Council.
  4060 | D:4      | Found an ancient bone altar of Kikubaaqudgha.
  4159 | D:4      | Reached skill level 8 in Axes
  4159 | D:4      | Gained mutation: You curl defensively after being hit. (AC
                  | +7*) [Palentonga growth]
  4159 | D:4      | Reached XP level 7. HP: 55/55 MP: 7/7
  4213 | D:4      | Found Vishabakagh's Dragon-Slaying Spoils.
  4368 | D:5      | Entered Level 5 of the Dungeon
  4420 | D:5      | HP: 2/82 [gnoll/+0 halberd (8)]
  4519 | D:5      | HP: 4/82 [ogre/+0 giant club (23)]
  4592 | D:5      | Reached skill level 9 in Axes
  4673 | D:5      | Reached XP level 8. HP: 19/62 MP: 8/8
  4682 | D:5      | HP: 2/62 [orc warrior/+0 long sword (8)]
  4683 | D:5      | Mangled by an orc warrior

Illustrated notes

Levels and vault maps discovered:
D:1:      sevenhm_arrival_forest_fort_small_4, layout_basic,
          ebering_ecumenical_altar_abandoned, minmay_cupped
D:2:      layout_loops_cross, minmay_stone_trees_small, chequers_mini_garden
D:3:      cheibrodos_pilgrimage, layout_rooms
D:4:      layout_loops_cross, lemuel_crystal_altar,
          nemelex_xobeh_ov_fountains_minmay, mainiacjoe_overflow_catch_the_wave,
          chequers_serial_rivers_large_b, nicolae_shop_dragon_depot
D:5:      nicolae_cairo_tiling_large, layout_rooms, lemuel_tele_altar,
          mainiacjoe_overflow_alcove_2, mainiacjoe_overflow_alcove_3,
          gup_sewer_entry_spiral, serial_shops, nicolae_shop_statue_plus,
          minmay_divided_ellipse, uniq_menkaure

Skill      XL: |  1  2  3  4  5  6  7 |
---------------+----------------------+-----
Axes           | 4 6 8 9 |  9.8
Fighting       | |  3.0
Armour         | |  1.5
Dodging        | |  1.5

Action                   |  1- 3 |  4- 6 |  7- 9 || total
-------------------------+-------+-------+-------++-------
Melee: Hand axe          |   125 |   126 |    57 ||   308
       Tailslap          |    13 |     9 |     7 ||    29
       Punch             |       |     1 |     1 ||     2
Invok: Berserk           |       |     3 |     4 ||     7
       Trog's Hand       |       |       |     6 ||     6
 Abil: Rolling Charge    |    17 |     8 |       ||    25
Armor: Animal skin       |    54 |       |       ||    54
       Scale mail        |    13 |    54 |    15 ||    82
       Ring mail         |     7 |       |       ||     7
Dodge: Dodged            |    78 |    41 |    30 ||   149
